AoeStats
← tigremaster

African Clearing

506525822Analyzed
4v4 RM · 19d ago on Sep 13, 2026· 34m 32s· 8 players
Game mode
Random Map
Map size
Large (8 player)
Population
200
Speed
Normal
Resources
Standard
Victory
Conquest
Starting age
Dark Age
Ending age
Imperial Age
RankedLock teamsTeams togetherTeam positionsShared explorationLock speedFull tech treeHidden civsTurbo modeCheats
Victory
Defeat
🇦🇷 Gurjaras · Argentina
1518
+9
🇸🇪 Huns · Sweden
1340
+16
🇦🇷 Spanish · Argentina
1208
+21
🇦🇷 Persians · Argentina
1158
+23
🇲🇽 Britons · Mexico
1408
-20
🇧🇷 Koreans · Brazil
1333
-17
🇦🇷 Vietnamese · Argentina
1313
-16
🇲🇽 Malians · Mexico
1313
-16
KOBU ︻芫 ———
10:23 Loom
14:17 Feudal Age
24:48 Castle Age
23:29 Double-Bit Axe
23:27 Horse Collar
24:58 Forging
25:34 Scale Mail Armor
32:16 Fletching
34:01 Padded Archer Armor
Sastre ᴿˢ-
10:04 Loom
12:08 Feudal Age
11:54 Loom
18:36 Fletching
nborgesfilho
5:46 Loom
13:50 Feudal Age
17:54 Castle Age
17:08 Double-Bit Axe
19:13 Fletching
Ds
9:36 Loom
13:03 Feudal Age
13:39 Double-Bit Axe
16:37 Fletching
22:25 Horse Collar
22:37 Gold Mining
25:19 Castle Age
24:08 Padded Archer Armor
25:32 Crossbowman
26:09 Bodkin Arrow
27:02 Bow Saw
[ZCHE]jcruz810
4:35 Loom
13:27 Feudal Age
15:06 Double-Bit Axe
16:20 Wheelbarrow
21:21 Castle Age
21:16 Horse Collar
22:51 Scale Barding Armor
23:54 Bloodlines
24:05 Chain Barding Armor
25:53 Bow Saw
32:13 Forging
33:57 Iron Casting
Hao_Arg
3:18 Loom
12:15 Feudal Age
12:48 Double-Bit Axe
15:59 Forging
22:04 Castle Age
19:50 Horse Collar
20:49 Scale Barding Armor
21:31 Bloodlines
22:57 Bow Saw
22:50 Husbandry
24:46 Chain Barding Armor
27:07 Iron Casting
31:05 Wheelbarrow
32:02 Heavy Plow
[ZCHE] Benja
8:15 Loom
14:36 Feudal Age
15:45 Double-Bit Axe
22:31 Castle Age
23:22 Fletching
27:46 Bodkin Arrow
29:42 Padded Archer Armor
29:54 Bloodlines
30:13 Ballistics
30:10 Town Watch
tigremaster
6:32 Loom
13:47 Feudal Age
14:29 Double-Bit Axe
17:20 Bloodlines
22:59 Castle Age
33:48 Town Watch
Connection lost

Rejoining the realm…

Still unreachable

The connection could not be restored.

Session expired

The server has moved on; the page needs a fresh start.